 Dungeon Crawl Stone Soup version 0.20.1-1-g8b1a95d (webtiles) character file.

70 Glalom the Grave Robber (level 4, 0/36 HPs)
             Began as a Deep Dwarf Necromancer on Nov 4, 2017.
             Killed from afar by Sigmund (7 damage)
             ... with a magic dart
             ... on level 2 of the Dungeon.
             The game lasted 00:07:21 (3317 turns).

Glalom the Grave Robber (Deep Dwarf Necromancer)    Turns: 3317, Time: 00:07:22

Health: 0/36       AC:  2    Str: 11    XL:     4   Next: 3%
Magic:  7/7        EV: 12    Int: 17    God:
Gold:   122        SH:  0    Dex: 13    Spells: 3/7 levels left

rFire    . . .     SeeInvis .   f - +0 short sword
rCold    . . .     Gourm    .   (no shield)
rNeg     . . .     Faith    .   r - +0 robe (curse)
rPois    .         Spirit   .   (no helmet)
rElec    .         Reflect  .   (no cloak)
rCorr    .         Harm     .   (no gloves)
MR       .....                  (no boots)
Stlth    +++.......             (no amulet)
Regen    0.0/turn               (no ring)
MPRegen  0.1/turn               (no ring)

@: non-regenerating
A: damage resistance, heal wounds, sense surroundings 1, no regeneration
a: Heal Wounds


You were on level 2 of the Dungeon.
You were hungry.

You visited 1 branch of the dungeon, and saw 2 of its levels.

You collected 122 gold pieces.

Inventory:

Hand Weapons
 f - a +0 short sword (weapon)
Armour
 a - a +0 robe
 r - a cursed +0 robe (worn)
Jewellery
 d - an uncursed ring of ice {unknown}
Scrolls
 e - a scroll of amnesia {unknown}
 h - 5 scrolls of identify {unknown}
 k - 2 scrolls of enchant armour {unknown}
 l - a scroll of teleportation {unknown}
 m - a scroll of remove curse {unknown}
 o - a scroll of immolation {unknown}
Potions
 i - 2 potions of haste {unknown}
 n - 2 potions of flight {unknown}
 p - a potion of mutation {unknown}
 s - a potion of heal wounds
Books
 b - a book of Necromancy

   Spells                             Type                      Level
   a - Pain                           Necromancy                   1
   b - Animate Skeleton               Necromancy                   1
   c - Vampiric Draining              Necromancy                   3
   d - Regeneration                   Charms/Necromancy            3
   e - Animate Dead                   Necromancy                   4
   f - Control Undead                 Necromancy                   4
Comestibles
 c - a bread ration
 g - 10 fruits
 j - 2 meat rations
 q - 3 chunks of flesh


   Skills:
 - Level 2.1 Dodging
 + Level 4.2 Stealth
 + Level 2.0 Spellcasting
 * Level 5.2 Necromancy


You had 3 spell levels left.
You knew the following spells:

 Your Spells              Type           Power        Failure   Level  Hunger
a - Pain                  Necr           ###.         2%          1    #......
b - Vampiric Draining     Necr           ###.......   7%          3    ###....


Dungeon Overview and Level Annotations

Branches:
Dungeon (2/15)

Altars:

Annotations:
D:2 Sigmund, Terence


Innate Abilities, Weirdness & Mutations

You are resistant to damage.
You can heal yourself by infusing magical energy.
You passively map a small area around you.
You do not regenerate.


Message History

Sigmund's hands start flickering wildly.
Sigmund breathes a few words.
Sigmund's hands start flickering wildly.
There is an escape hatch in the floor here.
Sigmund points at you and mumbles some strange words.
You resist with some effort.
Sigmund points at you and mumbles some strange words.
The magic dart hits you!
* * * LOW HITPOINT WARNING * * *
Sigmund mumbles some strange words.
Sigmund flickers and vanishes!
Deactivating autopickup; reactivate with Ctrl-A.
You are no longer poisoned.
There is an open door here.
There is an open door here.
Sigmund points at you and mumbles some strange words.
You resist with some effort. Sigmund gestures at you while chanting.
The magic dart hits you!
You die...

#.....#
#..##...##⌠##...#* *
###.....#
#@.##...........##
........#
#.##8...........8#
###.#####
#.###...........## #.#
#.# ##8###⌠###8## #.#
#.############## #.#
#.##..#......# ##'#
#.###.#......# ##.#####
#.# #@.......#
##.#...#####'####.......#
####...##.....# #.......#
..[....#'.....# ##.##'###
#<###..##.....# #..#.# *
#####.###.....# ##.#.# ,
.>#.....#.....# #...# * ,
###.....#.....# ##@.# ,
#.....#.....# #..# , ,


You could see Sigmund.

Vanquished Creatures
  An adder (D:1)
  2 worms (D:2)
  2 dart slugs (D:1)
  2 leopard geckos (D:1)
  2 ball pythons
  2 giant cockroaches (D:1)
  5 hobgoblins
  5 jackals
  4 kobolds
  A quokka (D:2)
  6 bats (D:1)
  3 frilled lizards
  6 goblins
  6 rats
47 creatures vanquished.

Notes
Turn   | Place    | Note
-------+----------+-------------------------------------------
     0 | D:1      | Glalom the Deep Dwarf Necromancer began the quest for the Orb.
     0 | D:1      | Reached XP level 1. HP: 15/15 MP: 3/3
   248 | D:1      | Reached XP level 2. HP: 17/22 MP: 0/4
   934 | D:1      | Reached XP level 3. HP: 10/28 MP: 0/6
  1052 | D:1      | Learned a level 3 spell: Vampiric Draining
  1227 | D:1      | Reached skill level 5 in Necromancy
  3107 | D:2      | Reached XP level 4. HP: 29/36 MP: 3/7
  3134 | D:2      | Noticed Terence
  3134 | D:2      | Noticed Sigmund
  3317 | D:2      | Killed from afar by Sigmund

Skill      XL: |  1  2  3 |
---------------+----------+-----
Stealth        | 3 4 |  4.2
Spellcasting   | 2 |  2.0
Necromancy     | 5 |  5.2
Dodging        | |  2.1

Action                   |  1- 3 |  4- 6 || total
-------------------------+-------+-------++-------
Melee: Short sword       |    29 |     1 ||    30
 Cast: Pain              |    81 |     6 ||    87
       Vampiric Draining |    12 |     3 ||    15
 Stab: Sleeping          |     2 |       ||     2
  Eat: Chunk             |     9 |     1 ||    10
Armor: Robe              |    13 |       ||    13
Dodge: Dodged            |    47 |     8 ||    55
